 Dungeon Sprint DCSS version 0.25-a0-316-gd28d56f9c5 (webtiles) character file.

Game seed: 4288244582438004023, levelgen mode: deterministic

8411 Morrissey the Impaler (level 11, -12/101 HPs)
             Began as a Minotaur Gladiator on Dec 25, 2019.
             Was the Champion of Makhleb.
             Killed by divine providence
             ... invoked by a balrug
             ... summoned by the player character
              (14 damage)
             ... in the Dungeon (Sprint IX: "|||||||||||||||||||||||||||||").
             The game lasted 00:08:00 (1366 turns).

Morrissey the Impaler (Minotaur Gladiator)          Turns: 1366, Time: 00:08:00

Health: -12/101    AC: 20    Str: 23    XL:     11   Next: 9%
Magic:  18/18      EV: 16    Int:  5    God:    Makhleb [******]
Gold:   678        SH:  0    Dex: 17    Spells: 10/10 levels left

rFire    . . .     SeeInvis .   a - +0 glaive
rCold    . . .     Gourm    .   (shield currently unavailable)
rNeg     . . .     Faith    .   q - +0 plate armour
rPois    .         Spirit   .   c - +0 hat
rElec    .         Reflect  .   (no cloak)
rCorr    .         Harm     .   v - +0 pair of gloves
MR       .....     NoTele   +   u - +0 pair of boots
Stlth    ..........             (no amulet)
HPRegen  0.26/turn              r - +3 ring of dexterity
MPRegen  0.16/turn              s - +3 ring of dexterity

@: very slightly contaminated
A: retaliatory headbutt, horns 2
a: Minor Destruction, Lesser Servant of Makhleb, Major Destruction, Greater
Servant of Makhleb, Renounce Religion


You were in the Dungeon.
You worshipped Makhleb.
Makhleb was exalted by your worship.
You were hungry.

You visited 1 branch You collected 678 gold pieces.

Inventory:

Hand Weapons
 a - a +0 glaive (weapon)
 o - a +0 trident
 p - a +2 halberd of protection
Missiles
 d - 3 throwing nets (quivered)
Armour
 b - a +0 plate armour
 c - a +0 hat (worn)
 q - a +0 plate armour (worn)
 u - a +0 pair of boots (worn)
 v - a +0 pair of gloves (worn)
Jewellery
 r - a +3 ring of dexterity (left hand)
 s - a +3 ring of dexterity (right hand)
Scrolls
 j - a scroll of fear
 k - 2 scrolls of blinking
 m - 4 scrolls of remove curse
 n - 2 scrolls of amnesia
 t - 2 scrolls of identify
Potions
 e - 8 potions of curing
 g - 3 potions of heal wounds
 h - a potion of cancellation
 i - 4 potions of magic
Comestibles
 f - 11 rations
 l - 18 chunks of flesh


   Skills:
 - Level 10.3 Fighting
 + Level 16.1 Polearms
 - Level 2.0 Throwing
 + Level 14.9 Armour
 + Level 14.2 Dodging
 + Level 11.9 Invocations


You had 10 spell levels left.
You didn't know any spells.
Your spell library was empty.

Dungeon Overview and Level Annotations

Branches:
Dungeon (1/1)

Altars:
Cheibriados
Dithmenos
Elyvilon
Fedhas
Gozag
Hepliaklqana
Kikubaaqudgha
Makhleb
Nemelex Xobeh
Okawaru
Qazlal
Ru
Sif Muna
Trog
Uskayaw
Vehumet
Wu Jian
Xom
Yredelemnul
Zin
The Shining One
Beogh
Jiyva
Lugonu


Innate Abilities, Weirdness & Mutations

You reflexively headbutt those who attack you in melee.
You have a pair of horns on your head.


Message History

You hit the orc warrior.
You kill the orc warrior!
Makhleb accepts your kill.
You feel better.
The orc warrior hits you from afar with a +0 halberd!!
* * * LOW HITPOINT WARNING * * *
Blink to where?
Press: ? - help, Dir - move target cursor You are very lightly contaminated with residual magic.
As you read the scroll of blinking, it crumbles to dust.
Okay, then.
The balrug gestures at you.
The fireball explodes!
The fireball engulfs you!
* * * LOW HITPOINT WARNING * * *
Okay, then.
Unknown command.
You see here a curare-tipped dart.
The balrug gestures at you. Makhleb smites you!
You die...

▓▓▓▓▓▓▓▓▓▓▓▓▓▓▓▓▓▓▓▓▓▓▓▓▓▓▓
o....))))).....o....'$$$ooo
▓▓▓▓▓▓▓▓▓▓▓▓▓▓▓▓▓▓▓▓▓▓▓▓▓▓▓▓▓▓▓▓▓
............2..(@..).............
▓▓▓▓▓▓▓▓▓▓▓▓▓▓▓▓▓▓▓▓▓▓▓▓▓▓▓▓▓▓▓▓▓
'...†!÷:......'.........'..÷÷....
▓▓▓▓▓▓▓▓▓▓▓▓▓▓▓▓▓▓▓▓▓▓▓▓▓▓▓▓▓▓▓▓▓
.................................
▓▓▓▓▓▓▓▓▓▓▓▓▓▓▓▓▓▓▓▓▓▓▓▓▓▓▓▓▓▓▓▓▓
...))....'_______________________
▓▓▓▓▓▓▓▓▓▓▓▓▓▓▓▓▓▓▓▓▓▓▓▓▓▓▓▓▓▓▓▓▓


You could see a balrug.

Vanquished Creatures
  2 hydras (D)
  A centaur warrior (D)
  Sonja (D)
  2 orc knights (D)
  An oklob plant (D)
  A black mamba (D)
  Joseph (D)
  A spiny frog (D)
  A rime drake (D)
  A komodo dragon (D)
  3 polar bears (D)
  A blink frog (D)
  A yak (D)
  A water moccasin (D)
  2 porcupines (D)
  5 black bears (D)
  5 orc warriors (D)
  A necrophage (D)
  A wolf (D)
  4 crocodiles (D)
  3 bullfrogs (D)
  2 crimson imps (D)
  A gnoll shaman (D)
  4 orc priests (D)
  3 orc wizards (D)
  A worker ant (D)
  A gnoll (D)
  3 adders (D)
  A leopard gecko (D)
  5 orcs (D)
  A jackal (D)
  3 bats (D)
64 creatures vanquished.

Vanquished Creatures (others)
  A gargoyle (D)
  A bullfrog (D)
2 creatures vanquished.

Grand Total: 66 creatures vanquished

Notes
Turn   | Place    | Note
-------+----------+-------------------------------------------
     0 | D        | Morrissey the Minotaur Gladiator began the quest for the
                  | Orb.
     0 | D        | Reached XP level 1. HP: 18/18 MP: 0/0
     6 | D        | Reached skill level 4 in Polearms
     9 | D        | Reached skill level 1 in Armour
   150 | D        | Noticed a crimson imp
   150 | D        | Noticed a gnoll shaman
   154 | D        | Reached XP level 2. HP: 27/27 MP: 1/1
   157 | D        | Killed a crimson imp
   157 | D        | Reached skill level 5 in Fighting
   157 | D        | Reached skill level 6 in Polearms
   157 | D        | Reached XP level 3. HP: 36/36 MP: 2/2
   159 | D        | Reached XP level 4. HP: 44/44 MP: 3/3
   160 | D        | Reached skill level 5 in Dodging
   167 | D        | Reached skill level 7 in Polearms
   197 | D        | Found a roughly hewn altar of Beogh.
   197 | D        | Found a snail-covered altar of Cheibriados.
   197 | D        | Found a shadowy altar of Dithmenos.
   197 | D        | Found a white marble altar of Elyvilon.
   197 | D        | Found a blossoming altar of Fedhas.
   197 | D        | Found an opulent altar of Gozag.
   198 | D        | Found a hazy altar of Hepliaklqana.
   199 | D        | Found a viscous altar of Jiyva.
   200 | D        | Found an ancient bone altar of Kikubaaqudgha.
   201 | D        | Found a corrupted altar of Lugonu.
   202 | D        | Found a burning altar of Makhleb.
   203 | D        | Found a sparkling altar of Nemelex Xobeh.
   204 | D        | Found an iron altar of Okawaru.
   205 | D        | Found a stormy altar of Qazlal.
   206 | D        | Found a sacrificial altar of Ru.
   207 | D        | Found a shimmering blue altar of Sif Muna.
   208 | D        | Found a bloodstained altar of Trog.
   209 | D        | Found a hide-covered altar of Uskayaw.
   210 | D        | Became a worshipper of Makhleb the Destroyer
   211 | D        | Found a radiant altar of Vehumet.
   212 | D        | Found an ornate altar of the Wu Jian Council.
   213 | D        | Found a shimmering altar of Xom.
   214 | D        | Found a basalt altar of Yredelemnul.
   215 | D        | Found a glowing silver altar of Zin.
   216 | D        | Found a glowing golden altar of the Shining One.
   254 | D        | Noticed a bullfrog
   254 | D        | Noticed a necrophage
   260 | D        | Killed a bullfrog
   260 | D        | Reached skill level 8 in Polearms
   260 | D        | Reached XP level 5. HP: 46/53 MP: 4/4
   265 | D        | Reached skill level 5 in Armour
   266 | D        | Reached * piety under Makhleb
   276 | D        | Killed a necrophage
   276 | D        | Reached skill level 9 in Polearms
   276 | D        | Reached XP level 6. HP: 57/63 MP: 5/5
   279 | D        | Reached ** piety under Makhleb
   297 | D        | Noticed a gargoyle
   297 | D        | Noticed an orc warrior
   297 | D        | Noticed a centaur warrior
   307 | D        | Killed a gargoyle
   307 | D        | Reached skill level 10 in Fighting
   307 | D        | Reached skill level 10 in Polearms
   314 | D        | Reached XP level 7. HP: 71/73 MP: 5/7
   323 | D        | Killed a centaur warrior
   323 | D        | Reached skill level 12 in Polearms
   323 | D        | Reached skill level 5 in Invocations
   323 | D        | Reached XP level 8. HP: 63/80 MP: 5/10
   330 | D        | Reached skill level 13 in Polearms
   347 | D        | Reached *** piety under Makhleb
   561 | D        | Noticed a komodo dragon
   561 | D        | Noticed a seven-headed hydra
   561 | D        | Noticed a blink frog
   561 | D        | Noticed a seven-headed hydra
   561 | D        | Noticed a black mamba
   586 | D        | Killed a seven-headed hydra
   586 | D        | Reached skill level 14 in Polearms
   586 | D        | Reached skill level 10 in Armour
   586 | D        | Reached skill level 10 in Dodging
   587 | D        | Killed a seven-headed hydra
   587 | D        | Reached XP level 9. HP: 37/86 MP: 11/14
   587 | D        | Killed a komodo dragon
   589 | D        | Noticed a rime drake
   590 | D        | Reached **** piety under Makhleb
   604 | D        | Killed a black mamba
   613 | D        | Killed a rime drake
   638 | D        | Reached ***** piety under Makhleb
   759 | D        | Noticed an oklob plant
   759 | D        | Noticed a spiny frog
   768 | D        | Reached XP level 10. HP: 94/94 MP: 16/16
   785 | D        | Killed an oklob plant
   785 | D        | Reached skill level 10 in Invocations
   787 | D        | Killed a spiny frog
   810 | D        | Reached ****** piety under Makhleb
   946 | D        | Reached skill level 15 in Polearms
  1034 | D        | Noticed Joseph
  1049 | D        | Killed Joseph
  1101 | D        | Noticed Sonja
  1120 | D        | Killed Sonja
  1285 | D        | Noticed an orc knight
  1288 | D        | Noticed an orc knight
  1327 | D        | Killed an orc knight
  1327 | D        | Reached skill level 16 in Polearms
  1327 | D        | Reached XP level 11. HP: 68/101 MP: 18/18
  1346 | D        | Killed an orc knight
  1350 | D        | Noticed a balrug
  1360 | D        | HP: 1/101 [balrug/fireball[the player character] (16)]
  1366 | D        | Killed from afar by a balrug

Levels and vault maps discovered:
D:        linesprint [early_d, line_temple, items_1, d_10, items_2, lair_1,
          lair_end, items_3, orc_1, orc_end, items_4, d_15, swamp_1, shoals_1,
          snake_1, spider_1, d_20, vaults_1, items_5, swamp_end, shoals_end,
          snake_end, spider_end, vaults_end, d_27, items_6, zot_1, zot_end,
          crypt_end, forest_end, elf_end, slime_end, tomb_end, abyss_end,
          pan_hell_end]

Skill      XL: |  1  2  3  4  5  6  7  8  9 10 |
---------------+-------------------------------+-----
Fighting       | 4 5 6 7 9 10 | 10.3
Polearms       | 4 6 8 9 10 12 14 16 | 16.1
Armour         | 1 3 4 5 7 8 11 12 14 | 14.9
Dodging        | 4 5 6 7 8 11 12 14 | 14.2
Invocations    | 2 5 8 9 11 | 11.9
Throwing       | |  2.0

Action                   |  1- 3 |  4- 6 |  7- 9 | 10-12 || total
-------------------------+-------+-------+-------+-------++-------
Melee: Trident           |    18 |    43 |    61 |       ||   122
       Headbutt          |     1 |    11 |    15 |    43 ||    70
       Halberd           |       |       |     5 |   119 ||   124
       Glaive            |       |       |       |    35 ||    35
Invok: Lesser Servant of |       |       |     3 |       ||     3
       Greater Servant o |       |       |       |     1 ||     1
Evoke: Wand              |       |       |     5 |     5 ||    10
  Use: Potion            |     1 |     3 |     1 |       ||     5
       Scroll            |       |       |       |     1 ||     1
 Stab: Invisible         |       |     5 |     2 |       ||     7
  Eat: Chunk             |       |       |       |     1 ||     1
Armor: Leather armour    |     4 |       |       |       ||     4
       Plate armour      |       |    12 |    14 |    52 ||    78
Dodge: Dodged            |     9 |    18 |    22 |    73 ||   122

Table legend:
 A = Non-vault XP
 B = Vault XP
 C = Vault XP percentage of total XP
 D = Non-vault monster count
 E = Vault monster count
 F = Vault count percentage of total count
                 A         B        C        D         E       F
            +---------+---------+-------+---------+---------+-------
      Total |       0 |   12017 | 100.0 |       0 |      66 | 100.0
            +---------+---------+-------+---------+---------+-------
          D |       0 |   12017 | 100.0 |       0 |      66 | 100.0
            +---------+---------+-------+---------+---------+-------
